 Dungeon Crawl Stone Soup version 0.22-a0-565-gfc6459a (webtiles) character file.

61 Amnesiac the Changer (level 3, 0/16 HPs)
             Began as a Spriggan Earth Elementalist on June 28, 2018.
             Succumbed to a worker ant's poison
             ... on level 4 of the Dungeon.
             The game lasted 00:03:38 (1018 turns).

Amnesiac the Changer (Spriggan Earth Elementalist)  Turns: 1018, Time: 00:03:39

Health: 0/16       AC:  2    Str:  4    XL:     3   Next: 83%
Magic:  4/8        EV: 24    Int: 17    God:
Gold:   58         SH:  0    Dex: 21    Spells: 3/8 levels left

rFire    . . .     SeeInvis +   a - +0 dagger
rCold    + . .     Gourm    .   (shield restricted)
rNeg     . . .     Faith    .   c - +0 robe
rPois    .         Spirit   .   (helmet restricted)
rElec    .         Reflect  .   (no cloak)
rCorr    .         Harm     .   (gloves unavailable)
MR       .....                  (boots unavailable)
Stlth    ++++......             (no amulet)
HPRegen  0.05/turn              (no ring)
MPRegen  0.11/turn              (no ring)

@: agile, lethally poisoned (0 -> -6), flying, very slightly contaminated, very
quick
A: very small, unfitting armour, see invisible, cold resistance 1, herbivore,
speed 3, slow metabolism 2, evolution 1
a: no special abilities


You were on level 4 of the Dungeon.
You were not hungry.

You visited 1 branch of the dungeon, and saw 4 of its levels.

You collected 58 gold pieces.

Inventory:

Hand Weapons
 a - a +0 dagger (weapon)
Missiles
 k - 52 arrows
Armour
 c - a +0 robe (worn)
Scrolls
 b - a scroll of magic mapping {!r, unknown}
 f - 2 scrolls of teleportation {!r, unknown}
 i - a scroll of blinking {!r, unknown}
 j - 2 scrolls of remove curse {!r}
 l - a scroll of enchant weapon {!r, unknown}
 m - a scroll of identify {!r}
Comestibles
 d - 3 rations


   Skills:
 + Level 0.7 Short Blades
 - Level 3.0 Dodging
 - Level 3.0 Stealth
 - Level 3.0 Spellcasting
 - Level 3.7 Transmutations
 + Level 3.2 Earth Magic


You had 3 spell levels left.
You knew the following spells:

 Your Spells              Type           Power        Failure   Level  Hunger
a - Sandblast             Erth           ##....       4%          1    None
b - Passwall              Tmut/Erth      ##......     6%          2    ##.....
c - Sticks to Snakes      Tmut           ###.....     5%          2    ##.....

Your spell library contained the following spells:

 Spells                   Type           Power        Failure   Level  Hunger
 Ozocubu's Armour         Chrm/Ice       #.......     45%         3    ###....
 Stone Arrow              Conj/Erth      #.....       26%         3    ###....
 Blade Hands              Tmut           ###.......   71%         5    ######.
 Lee's Rapid Deconstruct  Erth           ##........   77%         5    ######.
 Excruciating Wounds      Chrm/Necr      #.........   99%         5    ######.
 Petrify                  Tmut/Erth      ##......     38%         4    ####...
 Shroud of Golubria       Chrm/Tloc      #.........   26%         2    ##.....
 Beastly Appendage        Tmut           ###...       3%          1    None
 Song of Slaying          Chrm           #.......     26%         2    ##.....


Dungeon Overview and Level Annotations

Branches:
Dungeon (4/15)
 Temple: D:4-7

Altars:
Gozag
Zin


Innate Abilities, Weirdness & Mutations

You are very small and have problems with some larger weapons.
You are too small for most types of armour.
You have supernaturally acute eyesight. (SInv)
You are a herbivore.
You cover ground extremely quickly.
You need to consume almost no food.
Your flesh is cold resistant. (rC+)
You evolve.


Message History

You are very lightly contaminated with residual magic.
Strange energies run through your body.
The worker ant struggles to escape constriction.
Your ball python constricts the worker ant.
The worm barely misses your ball python.
The worker ant barely misses your ball python.
Your ball python constricts the worker ant. x2
The worker ant bites your ball python. What are your orders? t - Shout!
Orders for allies: a - Attack new target. r - Retreat! s - Stop attacking. g - Guard the area. f - Follow me.
Anything else - Cancel.
You shout for attention!
You feel sick. The worm bites your ball python!
Your ball python dies!
Casting: Sticks to Snakes (safe; 5% risk of failure)
Confirm with . or Enter, or press ? or * to list all spells.
You don't know that spell.
There isn't anything here!
There isn't anything here!
Casting: Sticks to Snakes (safe; 5% risk of failure)
Confirm with . or Enter, or press ? or * to list all spells.
You create a snake!
You now have 52 arrows.
You feel sick.
You barely miss the worker ant.
The worker ant is almost dead.
The worker ant bites you.
You hit the worker ant but do no damage.
The worker ant is almost dead.
You feel sick. The worker ant bites you.
* * * LOW HITPOINT WARNING * * *
You are lethally poisoned!
The worker ant poisons you!
Your ball python grabs the worker ant.
Your ball python constricts the worker ant.
You hit the worker ant but do no damage.
The worker ant is almost dead.
The worker ant closely misses you.
Your ball python constricts the worker ant.
You hit the worker ant but do no damage.
The worker ant is almost dead.
* * * LOW HITPOINT WARNING * * *
You feel sick. The worker ant barely misses you.
Your ball python constricts the worker ant.
Unknown command.
The worker ant struggles to escape constriction.
Really quaff
g - a murky golden potion {!q}?
It was a potion of agility {!q}.
You feel agile all of a sudden.
* * * LOW HITPOINT WARNING * * *
You feel sick.
Your ball python constricts the worker ant.
The worker ant bites your ball python!
Your ball python dies!
The worker ant twitches its antennae in your direction.
Really quaff
e - a cyan potion {!q}?
It was a potion of flight {!q}.
You feel very buoyant.
You fly up into the air.
Really quaff
h - a potion of mutation {!q}?
You feel extremely strange.
You feel nature experimenting on you.
Don't worry, failures die fast.
You feel resistant to cold.
You die...

....#.......#
#....##...#.......#
#....##...#.......#
#....+....#.......#
#....#....#.......#
#....#....#.......#
#....#....#.......#
#....##...'.††....#
#+###...@##...#.......#
........a####'#.......+
..............#.......#
..............#.......#
........w.....#.......#
..............#.......#
............<.#.......#
..##.....##...#.......#
. ##.....##...#.......#


You could see a worm and a worker ant.

Vanquished Creatures
  A worker ant (D:3)
  2 adder skeletons
  A worm (D:3)
  A dart slug (D:2)
  2 leopard geckos
  An orc (D:4)
  2 bats
  A giant cockroach (D:1)
  2 goblins (D:3)
  3 hobgoblins
  A jackal (D:4)
  A frilled lizard (D:1)
  A kobold (D:3)
  A rat (D:3)
20 creatures vanquished.

Vanquished Creatures (collateral kills)
  3 jackals (D:4)
3 creatures vanquished.

Grand Total: 23 creatures vanquished

Notes
Turn   | Place    | Note
-------+----------+-------------------------------------------
     0 | D:1      | Amnesiac the Spriggan Earth Elementalist began the quest for the Orb.
     0 | D:1      | Reached XP level 1. HP: 9/9 MP: 5/5
   182 | D:2      | Reached XP level 2. HP: 10/13 MP: 5/7
   186 | D:2      | Learned a level 2 spell: Passwall
   255 | D:3      | Found a glowing silver altar of Zin.
   293 | D:3      | Identified the Compendium of Protection and Transmutation
   298 | D:3      | Learned a level 2 spell: Sticks to Snakes
   342 | D:3      | Found an opulent altar of Gozag.
   395 | D:3      | Reached XP level 3. HP: 8/16 MP: 0/8
  1018 | D:4      | Gained mutation: You evolve. [potion of mutation]
  1018 | D:4      | Gained mutation: Your flesh is cold resistant. (rC+) [potion of mutation]
  1018 | D:4      | Succumbed to a worker ant's poison

Vault maps used:
D:1:      scummos_arrival_checkerplants, roderic_serpentine_path
D:2:      chequers_ecumenical_altar_island, first_ration, kennysheep_slug_shrine
D:3:      nicolae_gozag_cash_rules_everything_around_me, zin_academy,
          lemuel_crystal_altar, minmay_checkerbox
D:4:      kennysheep_little_box, ashenzari_altar_1

Skill      XL: |  1  2 |
---------------+-------+-----
Earth Magic    | 3 |  3.2
Spellcasting   | 3 |  3.0
Transmutations | 3 |  3.7
Short Blades   | |  0.7
Dodging        | |  3.0
Stealth        | |  3.0

Action                   || total
-------------------------++-------
Melee: Dagger            ||    73
 Cast: Sandblast         ||    30
       Passwall          ||     1
       Sticks to Snakes  ||     3
  Use: Potion            ||     3
       Scroll            ||     2
 Stab: Sleeping          ||     5
Armor: Robe              ||     7
Dodge: Dodged            ||    91

Table legend:
 A = Spawn XP
 B = Non-spawn XP
 C = Spawn XP percentage of total XP
 D = Spawn monster count
 E = Non-spawn monster count
 F = Spawn count percentage of total count
 G = Total turns spent on level
                    A         B        C        D         E        F      G
               +---------+---------+-------+---------+---------+-------+---------
         Total |       0 |      88 |   0.0 |       0 |      23 |   0.0 |  1018
               +---------+---------+-------+---------+---------+-------+---------
           D:1 |       0 |      10 |   0.0 |       0 |       5 |   0.0 |   175
           D:2 |       0 |       6 |   0.0 |       0 |       2 |   0.0 |    70
           D:3 |       0 |      57 |   0.0 |       0 |       9 |   0.0 |   289
           D:4 |       0 |      15 |   0.0 |       0 |       7 |   0.0 |   484
               +---------+---------+-------+---------+---------+-------+---------
